 Dungeon Crawl Stone Soup version 0.29-a0-2-g12fcac58f8 (webtiles) character file.

Game seed: 14154970252061379546

125 mcsnuffy the Conjurer (level 4, -9/33 HPs)
             Began as a Demigod Conjurer on Jan 26, 2022.
             Killed from afar by Ijyb (10 damage)
             ... with a puff of flame
             ... on level 3 of the Dungeon.
             The game lasted 00:04:53 (3442 turns).

mcsnuffy the Conjurer (Demigod Conjurer)            Turns: 3442, Time: 00:04:54

Health: -9/33      AC:  2    Str:  8    XL:     4   Next: 53%
Magic:  2/11       EV: 12    Int: 24    God:
Gold:   73         SH:  0    Dex: 12    Spells: 6/9 levels left

rFire   . . .      SeeInvis .   c - +0 whip
rCold   . . .      Faith    .   (no shield)
rNeg    . . .      Spirit   .   a - +0 robe
rPois   .          Reflect  .   (no helmet)
rElec   .          Harm     .   (no cloak)
rCorr   .          Rampage  .   (no gloves)
Will    .....                   (no boots)
Stlth   ++........              (no amulet)
HPRegen 0.11/turn               (no ring)
MPRegen 0.12/turn               (no ring)

@: no status effects
A: high mp 1, forlorn, divine attributes
a: no special abilities


You were on level 3 of the Dungeon.
You visited 1 branch of the dungeon, and saw 3 of its levels.

You collected 73 gold pieces.


Innate Abilities, Weirdness & Mutations

You have an increased reservoir of magic. (+10% MP)
You shall have no god before yourself.
Your divine heritage dramatically boosts your attributes as you level up.


   Skills:
 + Level 0.1 Fighting
 - Level 1.7 Dodging
 - Level 1.7 Stealth
 - Level 3.0 Spellcasting
 - Level 5.0 Conjurations


You had 6 spell levels left.
You knew the following spells:

 Your Spells              Type           Power      Damage    Failure   Level
m - Magic Dart            Conj           100%       1d8       1%          1
s - Searing Ray           Conj           54%        2d6       1%          2

Your spell library contained the following spells:

 Spells                   Type           Power      Damage    Failure   Level
 Static Discharge         Conj/Air       15%        N/A       6%          2
 Dazzling Flash           Conj/Hex       30%        N/A       12%         3
 Corpse Rot               Necr/Air       6%         N/A       16%         2
 Poisonous Vapours        Pois/Air       6%         N/A       16%         2
 Fulminant Prism          Conj/Hex       7%         3d7       36%         4
 Iskenderun's Mystic Bla  Conj/Tloc      15%        2d5       36%         4
 Sticky Flame             Conj/Fire      15%        2d4       36%         4
 Dispel Undead            Necr           3%         3d7       71%         4

Inventory:

Hand Weapons
 c - a +0 whip (weapon)
Armour
 a - a +0 robe (worn)
Jewellery
 F - a ring of fire
Scrolls
 b - a scroll of fog {unknown}
 d - a scroll of holy word {unknown}
 g - 2 scrolls of identify {unknown}
 h - a scroll of teleportation {unknown}
 i - a scroll of magic mapping {unknown}
 k - a scroll of fear {unknown}
Potions
 e - a potion of might {unknown}
 f - a potion of attraction {unknown}
 j - a potion of brilliance {unknown}

Dungeon Overview and Level Annotations

Branches:
Dungeon (3/15)

Shops:
D:2 =

Annotations:
D:3 Ijyb

#.##### #.....#
.############.#
.......g...<..#
.......##.#...#
....... #.#...#
....... #g##..#
....... #.@<..#
####+## #######
### ..# .
####### #..#
g.....# #..#
#▒###.# #..#


You could see Ijyb.


Message History

Confirm with . or Enter, or press ? or * to list all spells.
Aiming: Magic Dart (safe; 1% risk of failure)
Press: ? - help, Shift-Dir - straight line, f/p - Ijyb
Aim: Ijyb, wielding a +0 dagger, wearing a +0 chain mail and carrying a wand of flame (20) (lightly wounded, 100% to hit)
The magic dart hits Ijyb.
Ijyb is lightly wounded.
Ijyb hits you with a +0 dagger.
Casting: Magic Dart (safe; 1% risk of failure)
Confirm with . or Enter, or press ? or * to list all spells.
Aiming: Searing Ray (safe; 1% risk of failure)
Press: ? - help, Shift-Dir - straight line, f/p - Ijyb
Aim: Ijyb, wielding a +0 dagger, wearing a +0 chain mail and carrying a wand of flame (20) (lightly wounded, 79% to hit)
The searing ray hits Ijyb but does no damage.
Ijyb is lightly wounded. (Press . to maintain the ray.) Ijyb zaps a wand.
The puff of flame hits you!
The searing ray hits Ijyb!
Ijyb is heavily wounded.
Ijyb hits you with a +0 dagger.
The searing ray hits Ijyb.
Ijyb is heavily wounded.
Ijyb hits you with a +0 dagger.
* * * LOW HITPOINT WARNING * * *
The searing ray hits Ijyb!
Ijyb is almost dead.
You finish channelling your searing ray.
Ijyb zaps a wand.
The puff of flame hits you!
* * * LOW HITPOINT WARNING * * *
Ijyb zaps a wand.
The puff of flame hits you!
You die...

Skill      XL: |  1  2  3  4 |
---------------+-------------+-----
Conjurations   | 4 5 |  5.0
Spellcasting   | 2 3 |  3.0
Fighting       | |  0.1
Dodging        | |  1.7
Stealth        | |  1.7

Action                   |  1- 3 |  4- 6 || total
-------------------------+-------+-------++-------
Melee: Whip              |     2 |       ||     2
 Cast: Magic Dart        |    92 |    39 ||   131
       Searing Ray       |       |     1 ||     1
Armor: Robe              |     1 |     4 ||     5
Dodge: Dodged            |     5 |     6 ||    11

Levels and vault maps discovered:
D:1:      dpeg_arrival_pits, layout_basic, ebering_ecumenical_altar_hall
D:2:      layout_basic, serial_shops, nicolae_shop_stone, serial_bayou_pond_a
D:3:      layout_basic, serial_aquarium, aquarium_bridge_long_joined
          [aquarium_subvault_bridge, aquarium_subvault_balcony,
          aquarium_subvault_window, aquarium_subvault_bridge,
          aquarium_subvault_wall, aquarium_subvault_wall], aquarium_window_2,
          aquarium_window_2, aquarium_window_corridor_1, aquarium_view_2g,
          aquarium_view_2e, grunt_decor_fettered, uniq_ijyb

Notes
Turn   | Place    | Note
-------+----------+-------------------------------------------
     0 | D:1      | mcsnuffy the Demigod Conjurer began the quest for the Orb.
     0 | D:1      | Reached XP level 1. HP: 14/14 MP: 5/5
   171 | D:1      | Reached skill level 4 in Conjurations
   438 | D:1      | Reached XP level 2. HP: 20/20 MP: 5/7
  1152 | D:2      | Reached XP level 3. HP: 26/26 MP: 4/8
  1157 | D:1      | Learned a level 2 spell: Searing Ray
  1355 | D:2      | Found Orausu's Jewellery Shop.
  1797 | D:2      | Reached skill level 5 in Conjurations
  1971 | D:2      | Reached skill level 2 in Spellcasting
  2505 | D:3      | Reached XP level 4. HP: 33/33 MP: 5/10
  3098 | D:3      | Reached skill level 3 in Spellcasting
  3122 | D:3      | Noticed Ijyb
  3441 | D:3      | HP: 1/33 [Ijyb/puff of flame (13)]
  3442 | D:3      | Killed from afar by Ijyb

Vanquished Creatures
  2 gnolls (D:3)
  5 adders
  2 worms (D:2)
  A dart slug (D:2)
  3 endoplasms
  4 giant cockroaches
  4 goblins
  2 hobgoblins (D:1)
  3 jackals (D:1)
  6 kobolds
  2 quokkas
  9 ball pythons
  3 bats
  4 frilled lizards
  4 rats
54 creatures vanquished.

Vanquished Creatures (others)
  2 plants (D:2)
2 creatures vanquished.

Grand Total: 56 creatures vanquished

Table legend: (Time is in decaauts)
 A = Elapsed time spent in this place.
 B = Non-inter-level travel time spent in this place.
 C = Inter-level travel time spent in this place.
 D = Time resting spent in this place.
 E = Time spent auto-exploring this place.
 F = Levels seen in this place.
 G = Mean time per level.
                   A        B        C        D        E       F      G
               +--------+--------+--------+--------+--------+-----+--------+
         Total |   3445 |   3326 |    119 |    900 |   2072 |   3 | 1148.3 |
       Dungeon |   3445 |   3326 |    119 |    900 |   2072 |   3 | 1148.3 |
               +--------+--------+--------+--------+--------+-----+--------+

Top non-repeatable levels by time:
     D:2: 1897 daAuts
     D:1: 1153 daAuts
     D:3: 394 daAuts

Table legend:
 A = Non-vault XP
 B = Vault XP
 C = Vault XP percentage of total XP
 D = Non-vault monster count
 E = Vault monster count
 F = Vault count percentage of total count
                 A         B        C        D         E       F
            +---------+---------+-------+---------+---------+-------
      Total |     179 |       0 |   0.0 |      54 |       0 |   0.0
            +---------+---------+-------+---------+---------+-------
        D:1 |      36 |       0 |   0.0 |      20 |       0 |   0.0
        D:2 |      88 |       0 |   0.0 |      21 |       0 |   0.0
        D:3 |      55 |       0 |   0.0 |      13 |       0 |   0.0
            +---------+---------+-------+---------+---------+-------
